 Dungeon Crawl Stone Soup version 0.27-a0-550-ge92ec0ca06 (webtiles) character file.

Game seed: 9384304642178076510

2 illsorceress the Caller (level 1, -3/13 HPs)
             Began as a Merfolk Summoner on Mar 6, 2021.
             Slain by a kobold
             ... wielding a +0 whip
              (4 damage)
             ... on level 1 of the Dungeon on Mar 7, 2021.
             The game lasted 00:04:12 (90 turns).

illsorceress the Caller (Merfolk Summoner)            Turns: 90, Time: 00:04:12

Health: -3/13      AC:  2    Str:  8    XL:     1   Next: 30%
Magic:  0/3        EV: 12    Int: 14    God:
Gold:   11         SH:  0    Dex: 14    Spells: 3/4 levels left

rFire    . . .     SeeInvis .   (no weapon)
rCold    . . .     Faith    .   (no shield)
rNeg     . . .     Spirit   .   a - +0 robe
rPois    .         Reflect  .   (no helmet)
rElec    .         Harm     .   (no cloak)
rCorr    .         Rampage  .   (no gloves)
Will     .....                  (no boots)
Stlth    ++........             (no amulet)
HPRegen  0.04/turn              (no ring)
MPRegen  0.08/turn              (no ring)

@: no status effects
A: change form in water, amphibious, nimble swimmer 2
a: no special abilities


You were on level 1 of the Dungeon.
You visited 1 branch of the dungeon, and saw 1 of its levels.

You collected 11 gold pieces.

Inventory:

Armour
 a - a +0 robe (worn)
Scrolls
 b - a scroll of identify {unknown}
 c - a scroll of amnesia {unknown}


   Skills:
 + Level 2.6 Dodging
 + Level 2.1 Stealth
 + Level 2.0 Spellcasting
 + Level 4.1 Summonings


You had 3 spell levels left.
You knew the following spells:

 Your Spells              Type           Power      Damage    Failure   Level
a - Summon Small Mammal   Summ           48%        N/A       4%          1

Your spell library contained the following spells:

 Spells                   Type           Power      Damage    Failure   Level
 Call Imp                 Summ           12%        N/A       7%          2
 Call Canine Familiar     Summ           12%        N/A       13%         3
 Summon Guardian Golem    Hex/Summ       7%         N/A       30%         3
 Summon Ice Beast         Ice/Summ       7%         N/A       71%         4
 Summon Lightning Spire   Summ/Air       7%         N/A       71%         4


Dungeon Overview and Level Annotations

Branches:
Dungeon (1/15)

Altars:


Innate Abilities, Weirdness & Mutations

You revert to your normal form in water.
You are amphibious.
You are quick and stealthy while swimming. (Stealth+, EV+, Speed+++)


Message History

Found a stone staircase leading down.
The rat barely misses you.
Found a ring mail.
You hit the rat but do no damage. The rat closely misses you.
Your quokka closely misses the rat.
Your quokka barely misses the rat.
Your rat disappears in a puff of smoke!
Things that are here:
a +0 ring mail; 11 sling bullets Your quokka closely misses the rat.
Your quokka bites the rat.
The rat dies!
A kobold comes into view. It is wielding a +0 whip.
The kobold throws a stone.
The stone closely misses you.
Unknown command.
Unknown command.
Welcome back, illsorceress the Merfolk Summoner.
Press ? for a list of commands and other information.
Okay, then.
Okay, then.
Found a coral ring.
Casting: Summon Small Mammal (safe; 4% risk of failure)
Press: ? - help, Q - select action Dir - look around, f - activate
Casting: Summon Small Mammal (safe; 4% risk of failure)
Press: ? - help, Q - select action Dir - look around, f - activate The kobold hits you with a +0 whip.
Your quokka closely misses the kobold.
Your rat barely misses the kobold.
Casting: Summon Small Mammal (safe; 4% risk of failure)
Press: ? - help, Q - select action Dir - look around, f - activate The kobold hits you with a +0 whip.
Your quokka barely misses the kobold.
Your rat misses the kobold.
You don't have enough magic to cast this spell.
You closely miss the kobold. The kobold hits you with a +0 whip.
* * * LOW HITPOINT WARNING * * *
Your quokka bites the kobold but does no damage.
Your rat bites the kobold.
You closely miss the kobold.
The kobold is moderately wounded.
Your quokka barely misses the kobold.
The kobold hits you with a +0 whip.
You die...

....≈....≈....!
.#...=.....≈..⌠.≈.$...
..........≈....≈..... #
.........#.... ..... #
#.......###§≈###≈≈## #
#.......#.§...#....# #
#.r.....#.....≈....≈ #
#.rK....#.....≈.⌠<.≈
##############.r@r...#.....≈....≈
....[....†...........#...†.#....#
####################.......##≈≈#+
######## ##..#####.....
...r..K###############.########..
######.!...................... ..
######################### ##


You could see a kobold (ally target), 2 friendly quokkas and 2 friendly rats.

Vanquished Creatures
  A goblin (D:1)
1 creature vanquished.

Vanquished Creatures (collateral kills)
  A rat (D:1)
1 creature vanquished.

Grand Total: 2 creatures vanquished

Notes
Turn   | Place    | Note
-------+----------+-------------------------------------------
     0 | D:1      | illsorceress the Merfolk Summoner began the quest for the
                  | Orb.
     0 | D:1      | Reached XP level 1. HP: 13/13 MP: 3/3
    84 | D:1      | Upgraded the game from 0.27-a0-538-g15ff5c5295 to
                  | 0.27-a0-550-ge92ec0ca06
    90 | D:1      | Slain by a kobold

Illustrated notes

Levels and vault maps discovered:
D:1:      dpeg_arrival_rooms_with_view, layout_rooms, dk_noncrumbling_4,
          minmay_cupped

Action                   || total
-------------------------++-------
Melee: Unarmed           ||     5
 Cast: Summon Small Mamm ||     7
Dodge: Dodged            ||     7

Table legend: (Time is in decaauts)
 A = Elapsed time spent in this place.
 B = Non-inter-level travel time spent in this place.
 C = Inter-level travel time spent in this place.
 D = Time resting spent in this place.
 E = Time spent auto-exploring this place.
 F = Levels seen in this place.
 G = Mean time per level.
                   A        B        C        D        E       F      G
               +--------+--------+--------+--------+--------+-----+--------+
         Total |     89 |     76 |     13 |      0 |      0 |   1 |   89.0 |
       Dungeon |     89 |     76 |     13 |      0 |      0 |   1 |   89.0 |
               +--------+--------+--------+--------+--------+-----+--------+

Top non-repeatable levels by time:
     D:1: 89 daAuts
